 Dungeon Crawl Stone Soup version 0.30.0-5-g1a98f26d00 (webtiles) character file.

Game seed: 13886061140011297238

11671 SnakkuSnakku7 the Markself (level 11, -5/74 HPs)
             Began as a Deep Elf Transmuter on May 11, 2023.
             Was a Priest of Dithmenos.
             Slain by a tentacled starspawn (14 damage)
             ... on level 1 of the Abyss.
             The game lasted 00:14:31 (8202 turns).

SnakkuSnakku7 the Markself (Deep Elf Transmuter)    Turns: 8202, Time: 00:14:32

Health: -5/74      AC: 12    Str:  7    XL:     11   Next: 52%
Magic:  0/17       EV:  9    Int: 21    God:    Dithmenos [***...]
Gold:   455        SH:  5    Dex: 17    Spells: 11/16 levels left

rFire   . . .        a - +11 sling "Caipt" {flame, Int+2}
rCold   + . .        n - +0 buckler
rNeg    + . .        O - +0 swamp dragon scales
rPois   +            x - +1 helmet {SInv}
rElec   .            s - +1 cloak
rCorr   .            E - +0 pair of gloves
SInv    +            (no boots)
Will    +....        l - amulet of guardian spirit
Stlth   +            j - ring "Rucrivih" {rPois rC+ rN+}
HPRegen 0.32/turn    w - ring of see invisible
MPRegen 0.15/turn

%: guardian spirit
@: wreathed by umbra
A: dopey 1
a: Renounce Religion, Shadow Step


You were on level 1 of the Abyss.
You worshipped Dithmenos.
Dithmenos was most pleased with you.
You visited 2 branches of the dungeon, and saw 11 of its levels.
You visited the Abyss 1 time.
You also visited: Bailey.

You collected 579 gold pieces.
You spent 124 gold pieces at shops.

Inventory:

Hand Weapons
 a - the +11 sling "Caipt" (weapon) {flame, Int+2}
   (You found it on level 3 of the Dungeon)

   Int:       It affects your intelligence (+2).
 b - a +4 hand crossbow of draining
Missiles
 A - 6 throwing nets
Armour
 d - a +0 ring mail
 n - a +0 buckler (worn)
 p - a +0 robe
 s - a +1 cloak (worn)
 v - +0 acid dragon scales
 x - a +1 helmet of see invisible (worn)
 E - a +0 pair of gloves (worn)
 I - a +1 ring mail of poison resistance
 O - +0 swamp dragon scales (worn)
Jewellery
 c - an amulet of reflection
 j - the ring "Rucrivih" (left hand) {rPois rC+ rN+}
   (You found it on level 2 of the Dungeon)

   [ring of positive energy]

   rC:        It protects you from cold.
   rPois:     It protects you from poison.
   rN:        It protects you from negative energy.
 l - an amulet of guardian spirit (around neck)
 w - a ring of see invisible (right hand)
 y - a ring of protection from cold
Wands
 r - a wand of roots (19)
 B - a wand of digging (6)
 C - a wand of charming (20)
 D - a wand of polymorph (8)
Scrolls
 e - 13 scrolls of teleportation {unknown}
 f - a scroll of magic mapping
 k - a scroll of immolation
 m - 2 scrolls of fog
 t - 2 scrolls of poison
 u - a scroll of blinking
Potions
 g - 3 potions of resistance
 h - 3 potions of ambrosia
 i - 5 potions of mutation
 o - 8 potions of curing {unknown}
 q - 4 potions of flight
 z - 3 potions of invisibility {unknown}
 F - a potion of magic {unknown}
 G - 2 potions of might {unknown}
 H - 4 potions of heal wounds
 J - a potion of cancellation {unknown}
 K - 2 potions of haste {unknown}
 L - a potion of attraction
 M - a potion of brilliance {unknown}


   Skills:
 - Level 11.4 Fighting
 - Level 15.1 Ranged Weapons
 - Level 2.4 Dodging
 + Level 3.8 Shields
 - Level 3.0 Unarmed Combat
 - Level 3.0 Spellcasting
 - Level 3.9 Transmutations
 - Level 2.0 Ice Magic


You had 11 spell levels left.
You knew the following spells:

 Your Spells              Type           Power      Damage    Failure   Level
a - Beastly Appendage     Tmut           38%        N/A       14%         1
b - Ice Form              Ice/Tmut       15%        N/A       91%         4

Your spell library contained the following spells:

 Spells                   Type           Power      Damage    Failure   Level
 Wereblood                Tmut           19%        N/A       22%         2
 Freeze                   Ice            44%        1d6       32%         1
 Passwall                 Tmut/Erth      9%         N/A       45%         2
 Magic Dart               Conj           12%        1d3       58%         1
 Ensorcelled Hibernation  Hex/Ice        14%        N/A       58%         2
 Frozen Ramparts          Ice            22%        1d4       67%         3
 Spider Form              Tmut/Pois      11%        N/A       69%         3
 Blink                    Tloc           6%         N/A       73%         2
 Lesser Beckoning         Tloc           6%         N/A       73%         2
 Momentum Strike          Conj/Tloc      6%         3d8       73%         2
 Searing Ray              Conj           6%         2d4       73%         2
 Sublimation of Blood     Necr           3%         N/A       73%         2
 Hailstorm                Conj/Ice       7%         3d4       82%         3
 Dazzling Flash           Conj/Hex       6%         N/A       91%         3
 Gell's Gravitas          Tloc           3%         N/A       91%         3
 Swiftness                Air            3%         N/A       91%         3
 Teleport Other           Tloc           3%         N/A       91%         3
 Fulminant Prism          Conj/Hex       1%         3d5       100%        4
 Agony                    Necr           3%         N/A       100%        5
 Silence                  Hex/Air        1%         N/A       100%        5
 Dispersal                Tloc           1%         N/A       100%        6
 Simulacrum               Ice/Necr       3%         N/A       100%        6
 Summon Hydra             Summ           1%         N/A       100%        7


Dungeon Overview and Level Annotations

Branches:
Dungeon (10/15)            Temple (1/1) D:5            Lair (0/5) D:9
    Orc (0/2) D:9          Bailey (visited)

Altars:
Ashenzari
Cheibriados
Dithmenos
Elyvilon
Fedhas
Gozag
Hepliaklqana
Kikubaaqudgha
Makhleb
Nemelex Xobeh
Okawaru
Qazlal
Ru
Sif Muna
Trog
Uskayaw
Vehumet
Wu Jian
Xom
Yredelemnul
Zin
The Shining One

Shops:
D:2 (   D:3 =   D:4 *   D:9 [

Annotations:
D:10 Erolcha


Innate Abilities, Weirdness & Mutations

You are dopey. (Int -2)


Message History

The sling bullet hits the large abomination!
The sling bullet burns the large abomination.
You destroy the large abomination!
Dithmenos accepts your kill.
You start resting.
A tentacled starspawn comes into view.
Unknown command.
You shoot a sling bullet.
The sling bullet hits the tentacled starspawn!
The sling bullet burns the tentacled starspawn!
The tentacled starspawn is moderately damaged.
You hear a chilling moan.
You block the tentacled starspawn's attack.
The tentacled starspawn tentacle-slaps you but does no damage.
You shoot a sling bullet.
The sling bullet barely misses the tentacled starspawn.
The tentacled starspawn bites you!!
The tentacled starspawn barely misses you.
You shoot a sling bullet.
The sling bullet hits the tentacled starspawn!
The sling bullet burns the tentacled starspawn.
The tentacled starspawn is moderately damaged.
The tentacled starspawn bites you!
* * * LOW HITPOINT WARNING * * *
You block the tentacled starspawn's attack.
You feel much better.
The tentacled starspawn closely misses you.
The tentacled starspawn tentacle-slaps you!!
Unknown command.
Fire: a) +11 sling "Caipt" {flame, Int+2}
Press: ? - help, Q - select action, (/) - cycle Shift-Dir - straight line, f/p - tentacled starspawn
Aim: a tentacled starspawn (moderately damaged, umbra, 87% to hit)
You shoot a sling bullet.
The sling bullet hits the tentacled starspawn.
The sling bullet burns the tentacled starspawn.
The tentacled starspawn is moderately damaged.
The tentacled starspawn bites you!!
* * * LOW HITPOINT WARNING * * *
The tentacled starspawn tentacle-slaps you!
You die...

. #
.
#..
#
####
#.X#
.
#@#
#
###
# #
. .
#


You could see a tentacled starspawn.

Vanquished Creatures
  Harold (D:9)
  A two-headed ogre (D:9)
  A dire elephant zombie (Abyss:1)
  Maggie (D:9)
  Psyche (D:8)
  A troll (D:9)
  2 hornets
  A large abomination (Abyss:1)
  A wyvern (D:10)
  8 yaks
  A wraith (D:9)
  3 steam dragons
  A neqoxec (Abyss:1)
  An acid dragon (D:8)
  A water moccasin (D:9)
  2 orc warriors (D:9)
  A black bear (D:5)
  An ice beast (D:6)
  6 centaurs
  An ogre (D:6)
  3 kobold brigands
  2 bullfrogs
  2 gnoll sergeants
  2 scorpions
  4 wights (D:8)
  A howler monkey (D:6)
  2 electric eels (D:9)
  2 jellies
  Crazy Yiuf (D:3)
  15 hounds
  5 orc priests
  Jessica (D:3)
  An iguana (D:5)
  7 orc wizards
  2 sleepcaps
  A statue (D:5)
  21 gnolls
  7 adders
  2 shadow imps
  A white imp (D:5)
  3 ufetubi
  2 worms
  5 dart slugs
  35 orcs
  6 ball pythons
  7 bats
  6 endoplasms
  6 goblins
  4 hobgoblins
  4 jackals (D:3)
  26 kobolds
  6 quokkas
  3 frilled lizards (D:1)
  7 rats
238 creatures vanquished.

Vanquished Creatures (collateral kills)
  An orc knight (Bailey)
  A gnoll (Bailey)
2 creatures vanquished.

Vanquished Creatures (others)
  An orc wizard (D:9)
1 creature vanquished.

Grand Total: 241 creatures vanquished

Notes
Turn   | Place    | Note
-------+----------+-------------------------------------------
     0 | D:1      | SnakkuSnakku7 the Deep Elf Transmuter began the quest for
                  | the Orb.
     0 | D:1      | Reached XP level 1. HP: 11/11 MP: 6/6
   143 | D:1      | Reached XP level 2. HP: 5/16 MP: 8/8
   638 | D:1      | Found a faded altar of an unknown god.
   677 | D:1      | Reached XP level 3. HP: 20/20 MP: 7/9
  1186 | D:2      | Found Usiel's Weapon Shop.
  1268 | D:2      | Reached skill level 1 in Ice Magic
  1331 | D:2      | Identified the ring "Rucrivih" {rPois rC+ rN+}
  1851 | D:3      | Reached XP level 4. HP: 21/24 MP: 8/10
  1872 | D:3      | Identified the +4 broad axe of Peikliud {flame, rC+ Int-4
                  | Dex+3}
  1986 | D:3      | Learned a level 4 spell: Ice Form
  2058 | D:3      | Found Hiusk's Jewellery Emporium.
  2101 | D:3      | Identified the +11 sling "Caipt" {flame, Int+2}
  2195 | D:3      | Reached skill level 1 in Ranged Weapons
  2332 | D:3      | Found a blossoming altar of Fedhas.
  2420 | D:3      | Noticed Jessica
  2421 | D:3      | Killed Jessica
  2422 | D:3      | Reached skill level 2 in Ranged Weapons
  2540 | D:3      | Found a runed translucent door.
  2541 | D:3      | Noticed Crazy Yiuf
  2655 | D:3      | Killed Crazy Yiuf
  2656 | D:3      | Reached skill level 3 in Ranged Weapons
  2656 | D:3      | Reached XP level 5. HP: 24/28 MP: 11/11
  2818 | D:4      | Reached skill level 4 in Ranged Weapons
  2824 | D:4      | Reached skill level 5 in Ranged Weapons
  2831 | D:4      | Reached XP level 6. HP: 29/33 MP: 12/12
  2840 | D:4      | Found Wobuxkat's Assorted Antiques.
  2851 | D:4      | Bought a scroll labelled SUENTU SITU for 31 gold pieces
  2851 | D:4      | Bought a scroll labelled JIUJYQ JYGECWEFYCU for 31 gold
                  | pieces
  2851 | D:4      | Bought a scroll labelled BOUQITHIEL for 31 gold pieces
  2851 | D:4      | Bought a scroll labelled OGUICV KYOPP for 31 gold pieces
  2881 | D:4      | Reached skill level 6 in Ranged Weapons
  3213 | D:5      | Entered Level 5 of the Dungeon
  3244 | D:5      | Reached skill level 7 in Ranged Weapons
  3288 | D:5      | Reached XP level 7. HP: 33/37 MP: 11/13
  3334 | D:5      | Reached skill level 8 in Ranged Weapons
  3361 | D:5      | Found a staircase to the Ecumenical Temple.
  3392 | Temple   | Entered the Ecumenical Temple
  3399 | Temple   | Became a worshipper of Dithmenos the Shadowed
  3418 | D:5      | Reached skill level 9 in Ranged Weapons
  3488 | D:5      | Reached skill level 10 in Ranged Weapons
  3531 | D:5      | Found a hide-covered altar of Uskayaw.
  3536 | D:5      | Found a glowing golden altar of the Shining One.
  3732 | D:5      | Reached XP level 8. HP: 42/42 MP: 11/14
  3756 | D:5      | Found a radiant altar of Vehumet.
  3971 | D:6      | Reached skill level 11 in Ranged Weapons
  4017 | D:6      | Reached skill level 12 in Ranged Weapons
  4020 | D:6      | Reached skill level 1 in Fighting
  4040 | D:6      | Reached * piety under Dithmenos
  4604 | D:7      | Noticed a hornet
  4610 | D:7      | Killed a hornet
  4611 | D:7      | Reached XP level 9. HP: 52/52 MP: 10/15
  4767 | D:7      | Reached skill level 5 in Fighting
  5282 | D:8      | Reached ** piety under Dithmenos
  5356 | D:8      | Found a flagged portal.
  5408 | Bailey   | Entered a bailey
  5560 | Bailey   | Noticed an orc knight
  5576 | Bailey   | Killed an orc knight
  5681 | Bailey   | Acquired a +0 hand crossbow of flaming
  5780 | D:8      | Reached XP level 10. HP: 70/70 MP: 16/16
  6019 | D:8      | Noticed Psyche
  6023 | D:8      | Killed Psyche
  6155 | D:8      | Reached *** piety under Dithmenos
  6283 | D:9      | Found a staircase to the Orcish Mines.
  6306 | D:9      | Paralysed by a hornet for 1 turns
  6449 | D:9      | Reached skill level 13 in Ranged Weapons
  6513 | D:9      | Noticed a two-headed ogre
  6626 | D:9      | Noticed Harold
  6646 | D:9      | Killed Harold
  6647 | D:9      | Reached XP level 11. HP: 54/74 MP: 11/17
  6686 | D:9      | Killed a two-headed ogre
  6687 | D:9      | Reached skill level 14 in Ranged Weapons
  6753 | D:9      | Identified the +6 dagger "Teduappe" {vamp, Str+3 Int-4
                  | Stlth+}
  6940 | D:9      | Found a staircase to the Lair.
  6979 | D:9      | Noticed Maggie
  6986 | D:9      | Killed Maggie
  7199 | D:9      | Found Cheibriados's Comfort Zone.
  7201 | D:9      | Found a snail-covered altar of Cheibriados.
  7308 | D:10     | Entered Level 10 of the Dungeon
  7429 | D:10     | Reached skill level 15 in Ranged Weapons
  7465 | D:10     | Reached skill level 1 in Shields
  7530 | D:10     | Found a broken altar of Ashenzari.
  7785 | D:10     | Found a glowing silver altar of Zin.
  7886 | D:10     | Found an ancient bone altar of Kikubaaqudgha.
  7915 | D:10     | Noticed Erolcha
  7915 | Abyss:1  | Cast into level 1 of the Abyss (Erolcha)
  7984 | Abyss:1  | Gained mutation: You are dopey. (Int -2) [a neqoxec]
  8197 | Abyss:1  | Noticed a tentacled starspawn
  8202 | Abyss:1  | Slain by a tentacled starspawn

Illustrated notes

Levels and vault maps discovered:
D:1:      lightli_arrival_boilingwater, layout_basic,
          shapermc_ecumenical_altar_ellora
D:2:      layout_basic, serial_shops, shop, st_stairs_10
D:3:      minmay_octagon_keep, layout_loops_ring, mainiacjoe_overflow_alcove_2,
          serial_shops, shop, uniq_crazy_yiuf_cottage, uniq_jessica
D:4:      layout_cave_pools, serial_shops, shop, st_stairs_4
D:5:      layout_basic, vehumet_statue, mainiacjoe_overflow_big_doors,
          minmay_temple_entry_glassed_door
D:6:      layout_rooms, serial_demonic, serial_demonic_a, serial_demonic_f,
          serial_demonic_d, serial_demonic_c, minivault_27,
          minmay_misc_feat_four_crosses
D:7:      layout_basic, minmay_misc_feat_iff
D:8:      layout_gridville, enter_bailey_8, uniq_psyche
D:9:      layout_irregular_city, erik_lair_island, orc_0_dummy,
          grunt_ministairs_4, st_stairs_7, minmay_shop_chei, uniq_maggie,
          uniq_harold
D:10:     layout_roguey, amcnicky_altar_gilded, mainiacjoe_overflow_swirl,
          serial_co_window_serial, co_window_of_opportunity_a,
          co_window_paths_b, co_window_paths_b, co_window_corner_a,
          co_window_paths_b, co_window_broadway_b, co_window_2corner,
          co_window_of_opportunity_b, co_window_corner_b, co_window_corner_b,
          glass_columns_a, glass_columns_a, glass_columns_a, glass_columns_a,
          glass_columns_a, uniq_erolcha
Temple:   nicolae_temple_no_exploring_needed
Abyss:1:  base:
D:4

Skill      XL: |  1  2  3  4  5  6  7  8  9 10 11 |
---------------+----------------------------------+-----
Transmutations | 3 |  3.9
Unarmed Combat | 3 |  3.0
Ice Magic      | 1 2 |  2.0
Ranged Weapons | 3 5 7 10 12 13 15 | 15.1
Fighting       | 4 11 | 11.4
Shields        | 3 |  3.8
Dodging        | |  2.4
Spellcasting   | |  3.0

Action                     |  1- 3 |  4- 6 |  7- 9 | 10-12 || total
---------------------------+-------+-------+-------+-------++-------
  Melee: Unarmed           |   149 |    38 |       |       ||   187
         Kick              |    32 |     9 |       |       ||    41
         Headbutt          |     9 |    10 |       |       ||    19
         Punch             |     2 |     1 |       |       ||     3
   Fire: Sling             |       |    74 |   191 |   239 ||   504
   Cast: Beastly Appendage |    26 |     3 |       |       ||    29
    Use: Scroll            |     5 |     1 |    17 |     2 ||    25
         Potion            |       |       |     2 |     1 ||     3
   Stab: Sleeping          |       |     1 |       |       ||     1
 Armour: Robe              |    30 |     3 |       |       ||    33
         Ring mail         |       |    11 |    38 |     9 ||    58
         Skin              |       |       |     2 |       ||     2
         Swamp dragon scal |       |       |       |    24 ||    24
  Dodge: Dodged            |    93 |    43 |    41 |    46 ||   223
  Block: Buckler           |       |     4 |    15 |    25 ||    44
